 Dungeon Crawl Stone Soup version 0.21.1-1-g345015f (webtiles) character file.

853 Wander the Cruncher (level 8, -2/54 HPs)
             Began as a Human Wanderer on Apr 15, 2018.
             Was a Believer of Okawaru.
             Slain by a two-headed ogre
             ... wielding a +0 giant club
              (6 damage)
             ... on level 5 of the Dungeon.
             The game lasted 00:08:19 (3370 turns).

Wander the Cruncher (Human Wanderer)                Turns: 3370, Time: 00:08:19

Health: -2/54      AC:  4    Str: 16    XL:     8   Next: 21%
Magic:  8/8        EV: 13    Int: 12    God:    Okawaru [**....]
Gold:   154        SH:  0    Dex: 16    Spells: 7/7 levels left

rFire    . . .     SeeInvis .   a - +2 quarterstaff
rCold    + . .     Gourm    .   (shield currently unavailable)
rNeg     . . .     Faith    .   l - +1 leather armour {rC+}
rPois    .         Spirit   .   (no helmet)
rElec    .         Reflect  .   (no cloak)
rCorr    .         Harm     .   (no gloves)
MR       .....                  (no boots)
Stlth    ++........             (no amulet)
HPRegen  0.18/turn              j - +4 ring of strength
MPRegen  0.11/turn              (no ring)

@: no status effects
A: no striking features
a: Heroism, Renounce Religion


You were on level 5 of the Dungeon.
You worshipped Okawaru.
Okawaru was pleased with you.
You were hungry.

You visited 2 branches of the dungeon, and saw 6 of its levels.

You collected 154 gold pieces.

Inventory:

Hand Weapons
 a - a +2 quarterstaff (weapon)
 e - a +0 dagger
Missiles
 s - 2 throwing nets (quivered)
Armour
 d - a +0 robe
 l - a +1 leather armour of cold resistance (worn)
Jewellery
 j - a +4 ring of strength (left hand)
Scrolls
 g - 3 scrolls of identify {unknown}
 i - 3 scrolls of remove curse {unknown}
 k - 4 scrolls of teleportation {unknown}
 m - 2 scrolls of fog {unknown}
 n - 2 scrolls of amnesia {unknown}
 q - a scroll of enchant armour {unknown}
 r - a scroll of fear {unknown}
Potions
 b - a potion of ambrosia {unknown}
 c - 2 potions of lignification
 h - a potion of berserk rage {unknown}
 o - a potion of flight {unknown}
 p - a potion of might
 t - a potion of heal wounds
Comestibles
 f - 10 rations


   Skills:
 + Level 1.5 Fighting
 - Level 1.0 Short Blades
 + Level 8.7 Staves
 - Level 1.0 Throwing
 + Level 3.4 Dodging
 - Level 2.0 Stealth


You had 7 spell levels left.
You didn't know any spells.

Dungeon Overview and Level Annotations

Branches:
Dungeon (5/15)             Temple (1/1) D:4

Altars:
Ashenzari
Dithmenos
Elyvilon
Fedhas
Hepliaklqana
Kikubaaqudgha
Makhleb
Okawaru
Sif Muna
Trog
Vehumet
Wu Jian
Xom
Yredelemnul
Zin
The Shining One


Message History

No target in view!
Found a stone staircase leading up.
There is an escape hatch in the ceiling here.
A two-headed ogre comes into view. It is wielding two giant clubs.
The two-headed ogre shouts in stereo!
Found a stone staircase leading up.
You barely miss the two-headed ogre.
The two-headed ogre hits you with a giant club.
The two-headed ogre hits you with a giant club!
You sock the two-headed ogre!
The two-headed ogre is lightly wounded.
You hit the two-headed ogre.
The two-headed ogre is lightly wounded.
The two-headed ogre hits you with a giant club!!
The two-headed ogre closely misses you.
There is an escape hatch in the ceiling here.
The two-headed ogre hits you with a giant club!
* * * LOW HITPOINT WARNING * * *
The two-headed ogre hits you with a giant club.
You die...

#...###### ####.# #.....
#........#
#####.#############
####....###.###......<#.....#
#
............................#
#
.....(...........#..........#
#
.............##..#..#.......#
#
###..........##.....#.......#
# #.###.####.##.O......######
# #.# #.# #.##.@#.###.#
#.###.# #...........# #.....#
####.#.....## ###.#####
#.#.....# ######## #.###.#
#..[..<.## #.......
#####....#.#####.......#
#.######
#.......###............###.#
#.##.....#.####..##........#
#.#>.......###...#####..####


You could see a two-headed ogre.

Vanquished Creatures
  The ghost of Tiareth the Magician, a novice DEWz (D:5)
  An ice beast (D:5)
  4 phantoms
  An orc wizard (D:5)
  A worker ant (D:5)
  An adder (D:2)
  6 gnolls (D:5)
  A shadow imp (D:5)
  3 dart slugs
  A leopard gecko (D:2)
  5 orcs
  2 giant cockroaches
  4 goblins (D:1)
  6 hobgoblins
  A ball python (D:2)
  3 bats
  A frilled lizard (D:1)
  3 kobolds
  3 leopard gecko skeletons
  3 rats
51 creatures vanquished.

Notes
Turn   | Place    | Note
-------+----------+-------------------------------------------
     0 | D:1      | Wander the Human Wanderer began the quest for the Orb.
     0 | D:1      | Wander set off with: a +2 quarterstaff, a potion of curing, a potion of lignification, a +0 robe, a +0 dagger, a ration
     0 | D:1      | Reached XP level 1. HP: 15/15 MP: 1/1
   357 | D:1      | Reached XP level 2. HP: 21/21 MP: 2/2
   569 | D:1      | Reached skill level 3 in Staves
  1154 | D:2      | Reached XP level 3. HP: 26/26 MP: 3/3
  1706 | D:3      | Found a glowing golden altar of the Shining One.
  2094 | D:4      | Reached skill level 4 in Staves
  2094 | D:4      | Reached XP level 4. HP: 28/32 MP: 4/4
  2144 | D:4      | Noticed a phantom
  2173 | D:4      | Killed a phantom
  2173 | D:4      | Reached skill level 5 in Staves
  2173 | D:4      | Reached XP level 5. HP: 24/37 MP: 5/5
  2297 | D:4      | Found a staircase to the Ecumenical Temple.
  2307 | Temple   | Entered the Ecumenical Temple
  2408 | Temple   | Became a worshipper of Warmaster Okawaru
  2430 | D:5      | Entered Level 5 of the Dungeon
  2465 | D:5      | Noticed Tiareth's ghost (novice DEWz)
  2476 | D:5      | HP: 1/37 [Tiareth's ghost] (2)]
  2493 | D:5      | Killed Tiareth's ghost
  2493 | D:5      | Reached * piety under Okawaru
  2493 | D:5      | Reached skill level 7 in Staves
  2493 | D:5      | Reached XP level 6. HP: 32/43 MP: 6/6
  2493 | D:5      | Reached XP level 7. HP: 36/48 MP: 7/7
  2723 | D:5      | Reached skill level 8 in Staves
  3049 | D:5      | Found a bloodstained altar of Trog.
  3073 | D:5      | Reached XP level 8. HP: 31/54 MP: 8/8
  3086 | D:5      | Reached ** piety under Okawaru
  3345 | D:5      | Noticed a two-headed ogre
  3370 | D:5      | Slain by a two-headed ogre

Skill      XL: |  1  2  3  4  5  6  7 |
---------------+----------------------+-----
Staves         | 3 4 5 7 8 |  8.7
Fighting       | |  1.5
Short Blades   | |  1.0
Throwing       | |  1.0
Dodging        | |  3.4
Stealth        | |  2.0

Action                   |  1- 3 |  4- 6 |  7- 9 || total
-------------------------+-------+-------+-------++-------
Melee: Quarterstaff      |    75 |    27 |    78 ||   180
  Use: Potion            |       |     4 |       ||     4
 Stab: Sleeping          |     6 |       |       ||     6
  Eat: Chunk             |     4 |       |     3 ||     7
Armor: Robe              |     5 |       |       ||     5
       Leather armour    |    14 |     5 |     3 ||    22
       Skin              |       |    18 |    10 ||    28
Dodge: Dodged            |    50 |     8 |    33 ||    91
